 Dungeon Crawl Stone Soup version 0.29.1-1-gd02db6906a (webtiles) character file.

Game seed: 14105376659164815247

13 FastidiousMonk the Trooper (level 2, 29/29 HPs)
             Began as a Gnoll Abyssal Knight on Oct 2, 2022.
             Was a Believer of Lugonu.
             Got out of the dungeon alive.
             The game lasted 00:07:26 (1441 turns).

FastidiousMonk the Trooper (Gnoll Abyssal Knight)   Turns: 1441, Time: 00:07:27

Health: 29/29      AC:  4    Str: 12    XL:     2   Next: 37%
Magic:  5/5        EV: 10    Int:  9    God:    Lugonu [**....]
Gold:   26         SH:  7    Dex: 12    Spells: 1/1 levels left

rFire   . . .      SeeInvis .   a - +1 hand axe
rCold   . . .      Faith    .   h - +0 kite shield
rNeg    . . .      Spirit   .   b - +0 leather armour
rPois   .          Reflect  .   (no helmet)
rElec   .          Harm     .   (no cloak)
rCorr   .          Rampage  .   (no gloves)
Will    .....                   d - +0 pair of boots
Stlth   +.........              (no amulet)
HPRegen 0.09/turn               (no ring)
MPRegen 0.09/turn               (no ring)

@: no status effects
A: fangs 1, strong nose, distributed training
a: Renounce Religion, Depart the Abyss, Bend Space


You escaped.
You worshipped Lugonu.
Lugonu was pleased with you.
You visited 1 branch of the dungeon, and saw 1 of its levels.
You visited the Abyss 1 time.

You collected 26 gold pieces.

Inventory:

Hand Weapons
 a - a +1 hand axe (weapon)
Missiles
 g - 23 stones (quivered)
Armour
 b - a +0 leather armour (worn)
 d - a +0 pair of boots (worn)
 f - a +0 scale mail
 h - a +0 kite shield (worn)
Magical Staves
 k - a staff of cold
Scrolls
 c - a scroll of teleportation {unknown}
 e - 2 scrolls of identify {unknown}
 i - a scroll of immolation {unknown}
 j - a scroll of blinking {unknown}


   Skills:
 + Level 6.5 Fighting
 + Level 0.4 Short Blades
 + Level 0.4 Long Blades
 + Level 4.5 Axes
 + Level 0.4 Maces & Flails
 + Level 0.4 Polearms
 + Level 0.4 Staves
 + Level 0.4 Ranged Weapons
 + Level 0.4 Throwing
 + Level 4.5 Armour
 + Level 2.5 Dodging
 + Level 0.4 Stealth
 + Level 0.4 Shields
 + Level 0.4 Unarmed Combat
 + Level 0.4 Spellcasting
 + Level 0.2 Conjurations
 + Level 0.2 Hexes
 + Level 0.2 Summonings
 + Level 0.2 Necromancy
 + Level 0.2 Translocations
 + Level 0.2 Transmutations
 + Level 0.2 Fire Magic
 + Level 0.2 Ice Magic
 + Level 0.2 Air Magic
 + Level 0.2 Earth Magic
 + Level 0.2 Poison Magic
 + Level 4.5 Invocations
 + Level 0.4 Evocations


You had one spell level left.
You didn't know any spells.
Your spell library was empty.

Dungeon Overview and Level Annotations

Branches:
Dungeon (1/15)

Altars:


Innate Abilities, Weirdness & Mutations

You have very sharp teeth.
Your uncanny sense of smell can sniff out nearby items.
Your experience applies equally to all skills.


Message History

Lugonu accepts your kill.
You start waiting.
Done waiting.
You see here a dart slug corpse.
A goblin comes into view. It is wielding a +0 club.
Found 12 gold pieces and 5 stones.
The goblin shouts!
You closely miss the goblin. The goblin hits you with a +0 club.
You miss the goblin. The goblin hits you with a +0 club.
You barely miss the goblin. The goblin hits you but does no damage.
You slash the goblin!
You kill the goblin!
Lugonu accepts your kill.
You start resting.
HP restored.
Found 4 stones.
g - 19 stones (gained 5)
g - 23 stones (gained 4)
You start waiting.
Done waiting.
You start waiting.
Done waiting.
You now have 26 gold pieces (gained 12).
Found a twisted smoking staff.
You see here a staff of cold.
k - a staff of cold You see here a +0 scale mail.
Found a stone staircase leading down.
There is a stone staircase leading down here.
Found a dagger.
Save game and exit?
Welcome back, FastidiousMonk the Gnoll Abyssal Knight.
Lugonu says: Spread carnage and corruption!
Press ? for a list of commands and other information.
Unknown command.
Unknown command.
You see here a +0 leather armour.
There is a staircase leading out of the dungeon here.
Are you sure you want to leave the Dungeon?
This will make you lose the game!
You have escaped!

#.#####.#.###.###
#.......[.....####.#
################...........#
###
#.....#....#####...##.######
..# #.###.#.#####...##.....#
#.# #.# #...###.....##..#..#
#.# #.###.##........##..#.>#
..# #.#...##.........##....#
#####...####....@....##.##.#
........# ##....♣....####.#
#####...# ###.........# #.#
[.......###.##........####.#
.####)....#.##.....###..##.#
....#.#...#.##...#####.....#
###.#.#.#.#...#####....###.#
......#.#.....# ###### #.#
###.###.#.##### #.#


There were no monsters in sight!

Vanquished Creatures
  A dart slug (D:1)
  2 ball pythons (D:1)
  An endoplasm (D:1)
  A giant cockroach (D:1)
  A goblin (D:1)
  A hobgoblin (D:1)
  2 bats (D:1)
  A rat (D:1)
10 creatures vanquished.

Notes
Turn   | Place    | Note
-------+----------+-------------------------------------------
     0 | Abyss:1  | FastidiousMonk the Gnoll Abyssal Knight began the quest for
                  | the Orb.
     0 | Abyss:1  | Reached XP level 1. HP: 23/23 MP: 3/3
     0 | D:1      | Escaped the Abyss
   535 | D:1      | Reached XP level 2. HP: 17/29 MP: 5/5
  1441 | D:$      | Got out of the dungeon alive.

Illustrated notes

Levels and vault maps discovered:
D:1:      spicycebolla_green_bress_n_ham, layout_basic

Action                   || total
-------------------------++-------
Melee: Hand axe          ||    39
       Bite              ||     2
Invok: Depart the Abyss  ||     1
 Stab: Sleeping          ||     1
Armor: Leather armour    ||    15
Dodge: Dodged            ||    26
Block: Kite shield       ||    14
